[Event "ICC tourney 3402 (40 10)"]
[Site "Internet Chess Club"]
[Date "2024.03.09"]
[Round "1"]
[White "Bharathy Mohan, Aarav Sai:aaravbm"]
[Black "TRIPATHY, SIDDHARTH KESHAV:Sid907"]
[Result "1/2-1/2"]
[ICCResult "Game drawn by repetition"]
[WhiteElo "1621"]
[BlackElo "1486"]
[Opening "Sicilian: Alapin's variation (2.c3)"]
[ECO "B22"]
[NIC "SI.46"]
[Time "11:00:21"]
[PlyCount "127"]
[TimeControl "2400+10"]

1. e4 c5 2. c3 d5 3. exd5 Qxd5 4. d4 cxd4 5. cxd4 Qd8 6. Nc3 Nf6 7. Nf3 e6
8. Bc4 Nc6 9. O-O Be7 10. Re1 O-O 11. d5 exd5 12. Nxd5 Nxd5 13. Qxd5 Qxd5
14. Bxd5 Bf6 15. Bxc6 bxc6 16. Ne5 Bxe5 17. Rxe5 Be6 18. Be3 a5 19. g3 Bd5
20. Bd4 Rfe8 21. a3 Rxe5 22. Bxe5 Re8 23. Re1 f6 24. Bc3 Rxe1+ 25. Bxe1 a4
26. f4 Kf7 27. Kf2 Ke6 28. h4 Kf5 29. Ke3 Kg4 30. Kf2 g5 31. hxg5 fxg5 32.
fxg5 Kxg5 33. Ke3 Kg4 34. Kd4 Kf3 35. Kc5 Ke2 36. Ba5 Kd3 37. Bc3 h5 38. Kb4
Bb3 39. Kc5 Bd5 40. Kd6 Ke4 41. Kc5 Kd3 42. Kb4 Bb3 43. Kc5 Bd5 44. Kb4 Bb3
45. Kc5 Bd5 46. Kb4 Bb3 47. Kc5 Bd5 48. Kb4 Bb3 49. Kc5 Bd5 50. Kb4 Bb3 51.
Kc5 Bd5 52. Kb4 Bb3 53. Kc5 Bd5 54. Kb4 Bb3 55. Kc5 Bd5 56. Kb4 Bb3 57. Kc5
Bd5 58. Kb4 Bb3 59. Kc5 Bd5 60. Kb4 Bb3 61. Kc5 Bd5 62. Kb4 Bb3 63. Kc5 Bd5
64. Kb4 {Game drawn by repetition} 1/2-1/2

[Event "ICC tourney 3402 (40 10)"]
[Site "Internet Chess Club"]
[Date "2024.03.09"]
[Round "1"]
[White "Anand, Anirudh:AnirudhAnand"]
[Black "KARAKA, GOWTHAM:gkk432"]
[Result "1/2-1/2"]
[ICCResult "Game drawn by mutual agreement"]
[WhiteElo "1606"]
[BlackElo "1793"]
[Opening "French: exchange variation"]
[ECO "C01"]
[NIC "FR.01"]
[Time "11:00:20"]
[PlyCount "85"]
[TimeControl "2400+10"]

1. e4 e6 2. d4 d5 3. exd5 exd5 4. c4 c6 5. Nf3 Nf6 6. c5 Be7 7. Nc3 O-O 8.
Bd3 Bg4 9. O-O Nbd7 10. h3 Bh5 11. Bf4 Re8 12. Re1 b6 13. cxb6 Qxb6 14. Na4
Qb4 15. Bc2 Bxf3 16. Qxf3 Qxd4 17. a3 Qc4 18. Rac1 Qb5 19. Re2 Bf8 20. Nc3
Qb7 21. Rce1 Rxe2 22. Rxe2 Re8 23. Rxe8 Nxe8 24. Qe2 Nef6 25. g4 d4 26. Ne4
Nd5 27. Bg3 c5 28. Ng5 g6 29. Qf3 N7f6 30. Bb3 Qd7 31. Be5 Qe7 32. Bxf6 Nxf6
33. Nxf7 Kg7 34. Qf4 Ng8 35. Qe5+ Qxe5 36. Nxe5 Bd6 37. Nc4 Bc7 38. Kf1 Kf6
39. Nd2 Kg7 40. Ne4 Bb6 41. Ke2 Ne7 42. Kd3 Nc6 43. f4
{Game drawn by mutual agreement}
1/2-1/2

[Event "ICC tourney 3402 (40 10)"]
[Site "Internet Chess Club"]
[Date "2024.03.09"]
[Round "1"]
[White "CHENG, SAMUEL:Samuel1001"]
[Black "HONG, HUNTER:hunterhong"]
[Result "0-1"]
[ICCResult "White forfeits on time"]
[WhiteElo "1710"]
[BlackElo "1554"]
[Opening "QGD Slav: 4.Nc3"]
[ECO "D15"]
[NIC "SL.03"]
[Time "11:00:22"]
[PlyCount "76"]
[TimeControl "2400+10"]

1. d4 d5 2. c4 c6 3. Nf3 Nf6 4. Nc3 a6 5. e3 b5 6. cxd5 cxd5 7. Bd3 e6 8.
O-O Bd6 9. Bd2 Nc6 10. Rc1 Bd7 11. Re1 O-O 12. Ne2 Rc8 13. a3 Ne4 14. Nc3
Nxd2 15. Qxd2 Na5 16. Bb1 Nb3 17. Qc2 f5 18. Qxb3 Qc7 19. Nxd5 Qxc1 20. Nc3
Rxc3 21. bxc3 Qxa3 22. Qxa3 Bxa3 23. Ne5 Bc8 24. Ba2 Bd6 25. f4 Bxe5 26.
fxe5 f4 27. e4 Kf7 28. d5 Bd7 29. Rd1 Ke7 30. Rd3 Rc8 31. g3 b4 32. c4 a5
33. gxf4 a4 34. d6+ Kd8 35. Rd1 b3 36. Bb1 a3 37. Bd3 b2 38. Bb1 Ba4
{White forfeits on time}
0-1

[Event "ICC tourney 3402 (40 10)"]
[Site "Internet Chess Club"]
[Date "2024.03.09"]
[Round "1"]
[White "SULTAN, BASHIR Cisse:muzikmixer"]
[Black "THAPER, RISHUBH:MajorKey"]
[Result "0-1"]
[ICCResult "White resigns"]
[WhiteElo "1685"]
[BlackElo "1516"]
[Opening "King's Indian: orthodox, 7...Nbd7"]
[ECO "E94"]
[NIC "KI.12"]
[Time "11:00:21"]
[PlyCount "84"]
[TimeControl "2400+10"]

1. c4 Nf6 2. Nc3 g6 3. e4 d6 4. d4 Bg7 5. Nf3 O-O 6. Be2 Nbd7 7. O-O e5 8.
d5 Nc5 9. Qc2 a5 10. Bg5 h6 11. Be3 b6 12. a3 Ng4 13. Bd2 a4 14. h3 Nf6 15.
Be3 Bd7 16. Nd2 Nh7 17. b4 axb3 18. Nxb3 Nxb3 19. Qxb3 f5 20. f3 f4 21. Bf2
g5 22. Rfb1 h5 23. Nb5 Nf6 24. a4 g4 25. hxg4 hxg4 26. Bh4 g3 27. Kf1 Qe8
28. Bxf6 Qh5 29. Ke1 Rxf6 30. Nxc7 Rc8 31. Ne6 Qh1+ 32. Bf1 Rxe6 33. dxe6
Bxe6 34. Kd2 Qg1 35. Qxb6 Rc5 36. Qd8+ Kh7 37. Qxd6 Qe3+ 38. Kd1 Bxc4 39.
Qd7 Bb3+ 40. Rxb3 Qxb3+ 41. Ke1 Qc3+ 42. Ke2 Qb2+ {White resigns} 0-1

[Event "ICC tourney 3402 (40 10)"]
[Site "Internet Chess Club"]
[Date "2024.03.09"]
[Round "1"]
[White "ZHANG, ARI:brass60Six"]
[Black "SKARIAH, ANUSHKA ELIZABETH:kskariah"]
[Result "1/2-1/2"]
[ICCResult "Game drawn by mutual agreement"]
[WhiteElo "1522"]
[BlackElo "1700"]
[Opening "QGD semi-Slav: Chigorin defense"]
[ECO "D46"]
[NIC "SL.08"]
[Time "11:00:22"]
[PlyCount "80"]
[TimeControl "2400+10"]

1. d4 d5 2. c4 e6 3. Nc3 Nf6 4. Nf3 c6 5. e3 Nbd7 6. Bd3 Bd6 7. e4 dxe4 8.
Nxe4 Nxe4 9. Bxe4 Nf6 10. Bc2 Bb4+ 11. Bd2 Qa5 12. O-O Bxd2 13. Qxd2 Qxd2
14. Nxd2 O-O 15. Nf3 b5 16. c5 Nd5 17. a3 Bb7 18. Ng5 h6 19. Ne4 a5 20. b3
Ba6 21. Rfe1 Ne7 22. Nd6 Nc8 23. Nxc8 Raxc8 24. b4 Rfd8 25. Red1 a4 26. Rd3
Rd5 27. Rad1 Rcd8 28. f4 Bc8 29. Bb1 f6 30. g4 g5 31. Ba2 gxf4 32. Bxd5 exd5
33. h3 Re8 34. Kf2 f5 35. gxf5 Bxf5 36. Rf3 Re4 37. h4 Kf7 38. Rfd3 Bg4 39.
Re1 h5 40. Rd2 Kf6 {Game drawn by mutual agreement} 1/2-1/2

[Event "ICC tourney 3402 (40 10)"]
[Site "Internet Chess Club"]
[Date "2024.03.09"]
[Round "2"]
[White "THAPER, RISHUBH:MajorKey"]
[Black "PAN, ROGER:RogerPbim"]
[Result "1-0"]
[ICCResult "Black checkmated"]
[WhiteElo "1516"]
[BlackElo "1683"]
[Opening "Queen's pawn game"]
[ECO "D00"]
[NIC "QP.07"]
[Time "13:15:38"]
[PlyCount "27"]
[TimeControl "2400+10"]

1. d4 Nf6 2. Nc3 d5 3. Bf4 c5 4. e3 Nc6 5. Nb5 Qa5+ 6. c3 e5 7. dxe5 Nd7 8.
e6 Nde5 9. exf7+ Kxf7 10. Bxe5 Nxe5 11. Qxd5+ Kf6 12. f4 Nf7 13. Bc4 Nh6 14.
Qg5# {Black checkmated} 1-0

[Event "ICC tourney 3402 (40 10)"]
[Site "Internet Chess Club"]
[Date "2024.03.09"]
[Round "2"]
[White "KARAKA, GOWTHAM:gkk432"]
[Black "ZHANG, ARI:brass60Six"]
[Result "1/2-1/2"]
[ICCResult "Game drawn by mutual agreement"]
[WhiteElo "1793"]
[BlackElo "1522"]
[Opening "Queen's bishop game"]
[ECO "D02"]
[NIC "QP.08"]
[Time "13:15:33"]
[PlyCount "95"]
[TimeControl "2400+10"]

1. d4 d5 2. Nf3 Nf6 3. Bf4 e6 4. e3 c6 5. c3 Nbd7 6. Bd3 Be7 7. Nbd2 O-O 8.
Qc2 b5 9. Ne5 Bb7 10. g4 c5 11. g5 Nh5 12. Bxh7+ Kh8 13. g6 Nxe5 14. Bxe5
Nf6 15. Bxf6 Bxf6 16. gxf7 Rxf7 17. Bg6 Rf8 18. Qd1 Bg5 19. Qh5+ Bh6 20. Nf3
Qf6 21. Ke2 cxd4 22. cxd4 b4 23. Bd3 a5 24. Rhg1 Ba6 25. Bxa6 Rxa6 26. Rg6
Qf5 27. Rxh6+ gxh6 28. Qxh6+ Kg8 29. Rg1+ Kf7 30. Ne5+ Ke8 31. Qg6+ Qxg6 32.
Rxg6 Rh8 33. Ng4 Kf7 34. Ne5+ Ke8 35. Rg2 Rh3 36. Rg8+ Ke7 37. Nf3 Rc6 38.
Ne1 Ra6 39. Rg7+ Kf6 40. Rg2 Rc6 41. Kd2 Rc8 42. Nd3 Rh6 43. Nf4 Kf7 44. h3
a4 45. Rh2 b3 46. axb3 axb3 47. Nd3 Rc2+ 48. Ke1
{Game drawn by mutual agreement}
1/2-1/2

[Event "ICC tourney 3402 (40 10)"]
[Site "Internet Chess Club"]
[Date "2024.03.09"]
[Round "2"]
[White "SKARIAH, ANUSHKA ELIZABETH:kskariah"]
[Black "Anand, Anirudh:AnirudhAnand"]
[Result "1-0"]
[ICCResult "Black checkmated"]
[WhiteElo "1700"]
[BlackElo "1606"]
[Opening "Vienna gambit"]
[ECO "C25"]
[NIC "VG.04"]
[Time "13:15:47"]
[PlyCount "109"]
[TimeControl "2400+10"]

1. e4 e5 2. Nc3 Nc6 3. f4 d6 4. Nf3 Nf6 5. d4 exf4 6. Bxf4 Bg4 7. Be2 Be7 8.
O-O O-O 9. Qd2 Qd7 10. e5 dxe5 11. Nxe5 Nxe5 12. Bxe5 Bxe2 13. Nxe2 Rfe8 14.
c3 Rad8 15. Qg5 Kh8 16. Ng3 h6 17. Qf4 Bd6 18. Rae1 Rf8 19. Nf5 Bxe5 20.
Rxe5 Rfe8 21. Nxg7 Kxg7 22. Qxf6+ Kg8 23. Qxh6 Rxe5 24. dxe5 Qd2 25. Qf6 Rf8
26. h4 Kh7 27. Qf5+ Kg8 28. h5 Qe3+ 29. Kh2 Qh6 30. g4 Qd2+ 31. Rf2 Qh6 32.
Qf3 Kh7 33. Qf5+ Kg8 34. e6 fxe6 35. Qxf8+ Qxf8 36. Rxf8+ Kxf8 37. g5 Kg7
38. Kg3 c5 39. Kf4 b5 40. Ke5 a5 41. Kxe6 b4 42. cxb4 axb4 43. Kd5 c4 44.
Kxc4 b3 45. Kxb3 Kf7 46. g6+ Kg7 47. a4 Kh6 48. a5 Kg7 49. a6 Kh6 50. a7 Kg7
51. a8=Q Kh6 52. Qf8+ Kg5 53. g7 Kxh5 54. g8=Q Kh4 55. Qh6# {Black
checkmated} 1-0

[Event "ICC tourney 3402 (40 10)"]
[Site "Internet Chess Club"]
[Date "2024.03.09"]
[Round "2"]
[White "HONG, HUNTER:hunterhong"]
[Black "Hamlett, James Morrison:Hamlett144"]
[Result "0-1"]
[ICCResult "White resigns"]
[WhiteElo "1554"]
[BlackElo "1400"]
[Opening "French: advance, Euwe variation"]
[ECO "C02"]
[NIC "FR.03"]
[Time "13:17:08"]
[PlyCount "95"]
[TimeControl "2400+10"]

1. e4 e6 2. d4 d5 3. e5 c5 4. c3 Nc6 5. Nf3 Bd7 6. a3 c4 7. Be2 Nge7 8. Nbd2
Ng6 9. b3 b5 10. O-O Be7 11. a4 a6 12. Ba3 b4 13. cxb4 cxb3 14. Qxb3 Rb8 15.
b5 Na5 16. Bxe7 Nxb3 17. Bxd8 Nxa1 18. Bc7 Rb7 19. b6 Nc2 20. Bxa6 Rxc7 21.
bxc7 Nb4 22. Rb1 Nxa6 23. Rb8+ Ke7 24. Rxh8 Nxh8 25. Nb3 Nxc7 26. Nc5 Bc8
27. Nd2 Na6 28. Ndb3 Nb8 29. a5 f6 30. f4 fxe5 31. fxe5 Nf7 32. Kf2 Nd8 33.
Ke3 Ndc6 34. Kd3 Nb4+ 35. Kc3 N4a6 36. g3 Nxc5 37. Nxc5 Na6 38. Nxa6 Bxa6
39. Kb4 Kd7 40. Kc5 Kc7 41. h4 h5 42. Kb4 Kc6 43. Ka4 Bb5+ 44. Kb4 g6 45. a6
Bxa6 46. Ka5 Bb5 47. Kb4 Kb6 48. g4 {White resigns} 0-1

[Event "ICC tourney 3402 (40 10)"]
[Site "Internet Chess Club"]
[Date "2024.03.09"]
[Round "2"]
[White "TRIPATHY, SIDDHARTH KESHAV:Sid907"]
[Black "CHENG, SAMUEL:Samuel1001"]
[Result "1/2-1/2"]
[ICCResult "Game drawn by repetition"]
[WhiteElo "1486"]
[BlackElo "1710"]
[Opening "Caro-Kann defense"]
[ECO "B15"]
[NIC "CK.05"]
[Time "13:15:35"]
[PlyCount "134"]
[TimeControl "2400+10"]

1. e4 c6 2. d4 d5 3. Nc3 dxe4 4. Nxe4 Nf6 5. Ng3 h5 6. h4 Bg4 7. Be2 Bxe2 8.
N1xe2 e6 9. Nf4 Bd6 10. c3 Bxf4 11. Bxf4 Nbd7 12. Qe2 Qa5 13. O-O Nf8 14.
Ne4 Nxe4 15. Qxe4 Qd5 16. Qxd5 cxd5 17. Rfe1 Ng6 18. Bg3 Kd7 19. Re2 Rhe8
20. Rae1 Re7 21. f3 f5 22. Bf2 Nh8 23. Be3 Nf7 24. Bf4 Rg8 25. Kf2 Rc8 26.
Re3 Ree8 27. R1e2 Nd8 28. Ke1 Nc6 29. Kd2 Na5 30. b3 Rc6 31. Be5 g6 32. Re1
b5 33. Rc1 Rec8 34. Rc2 Ra6 35. Re1 Nc6 36. Rec1 Nxe5 37. dxe5 Rac6 38. Kd3
Rc5 39. f4 R8c6 40. g3 a5 41. c4 bxc4+ 42. bxc4 dxc4+ 43. Rxc4 Rxc4 44. Rxc4
Rxc4 45. Kxc4 Kc6 46. a4 Kb6 47. Kd4 Kc6 48. Kc4 Kb6 49. Kb3 Kc5 50. Kc3 Kd5
51. Kd3 Kc5 52. Kc3 Kd5 53. Kd3 Kc5 54. Kc3 Kd5 55. Kd3 Kc5 56. Kc3 Kd5 57.
Kd3 Kc5 58. Kc3 Kd5 59. Kd3 Kc5 60. Kc3 Kd5 61. Kd3 Kc5 62. Kc3 Kd5 63. Kd3
Kc5 64. Kc3 Kd5 65. Kd3 Kc5 66. Kc3 Kd5 67. Kd3 Kc5 {Game drawn by
repetition} 1/2-1/2

[Event "ICC tourney 3402 (40 10)"]
[Site "Internet Chess Club"]
[Date "2024.03.09"]
[Round "3"]
[White "HONG, HUNTER:hunterhong"]
[Black "KARAKA, GOWTHAM:gkk432"]
[Result "1-0"]
[ICCResult "Black resigns"]
[WhiteElo "1554"]
[BlackElo "1793"]
[Opening "French: advance, Paulsen attack"]
[ECO "C02"]
[NIC "FR.03"]
[Time "15:31:40"]
[PlyCount "57"]
[TimeControl "2400+10"]

1. e4 e6 2. d4 d5 3. e5 c5 4. c3 Nc6 5. Nf3 Qb6 6. a3 cxd4 7. cxd4 Nge7 8.
Nc3 Nf5 9. Be3 Qxb2 10. Na4 Nxe3 11. fxe3 Bb4+ 12. axb4 Qxb4+ 13. Qd2 Qe7
14. Be2 O-O 15. O-O a6 16. Nc5 g5 17. Rab1 b5 18. Qe1 g4 19. Qg3 h5 20. h3
f5 21. exf6 Rxf6 22. hxg4 h4 23. Qh3 b4 24. Nxh4 Rxf1+ 25. Rxf1 a5 26. Ng6
Qg7 27. Rf8+ Qxf8 28. Qh8+ Kf7 29. Qxf8+ {Black resigns} 1-0

[Event "ICC tourney 3402 (40 10)"]
[Site "Internet Chess Club"]
[Date "2024.03.09"]
[Round "3"]
[White "PAN, ROGER:RogerPbim"]
[Black "TRIPATHY, SIDDHARTH KESHAV:Sid907"]
[Result "1-0"]
[ICCResult "Black resigns"]
[WhiteElo "1683"]
[BlackElo "1486"]
[Opening "Sicilian: Najdorf, 6.Bg5"]
[ECO "B94"]
[NIC "SI.04"]
[Time "15:30:11"]
[PlyCount "79"]
[TimeControl "2400+10"]

1. e4 c5 2. Nf3 d6 3. d4 cxd4 4. Nxd4 Nf6 5. Nc3 a6 6. Bg5 Nc6 7. f4 e6 8.
Nxc6 bxc6 9. e5 Qb6 10. exf6 Qxb2 11. Ne4 d5 12. fxg7 Bxg7 13. Rb1 Qxa2 14.
Nf6+ Kf8 15. Bd3 h6 16. Bh4 Qa5+ 17. Qd2 Qxd2+ 18. Kxd2 Bxf6 19. Bxf6 Rg8
20. g3 Ke8 21. Bh7 Rg4 22. Rhg1 Rg6 23. Bxg6 fxg6 24. Rb6 Kd7 25. Rgb1 a5
26. Rb8 Ra6 27. R1b6 Ra7 28. Bd4 c5 29. Bxc5 Rc7 30. Bd4 Rc4 31. Be5 Ke7 32.
Ra8 a4 33. Ra7+ Kd8 34. Bf6+ Ke8 35. Re7+ Kf8 36. Ra7 Ke8 37. Rb8 h5 38. Rh7
Rc6 39. Rh8+ Kd7 40. Rd8+ {Black resigns} 1-0

[Event "ICC tourney 3402 (40 10)"]
[Site "Internet Chess Club"]
[Date "2024.03.09"]
[Round "3"]
[White "Hamlett, James Morrison:Hamlett144"]
[Black "THAPER, RISHUBH:MajorKey"]
[Result "0-1"]
[ICCResult "White resigns"]
[WhiteElo "1400"]
[BlackElo "1516"]
[Opening "Sicilian: Grand Prix attack"]
[ECO "B23"]
[NIC "SI.44"]
[Time "15:30:18"]
[PlyCount "66"]
[TimeControl "2400+10"]

1. e4 c5 2. Nc3 Nc6 3. f4 g6 4. Nf3 Bg7 5. Bc4 e6 6. O-O Nge7 7. e5 d6 8.
exd6 Nf5 9. Ne4 Nxd6 10. Nxd6+ Qxd6 11. c3 O-O 12. d3 Na5 13. Bb3 Nxb3 14.
axb3 Rd8 15. Ne1 b5 16. Nc2 Qxd3 17. Qxd3 Rxd3 18. Ra5 a6 19. c4 Rxb3 20.
Na1 Rb4 21. cxb5 Rxb5 22. Ra2 Bb7 23. Rd1 Bd5 24. b3 Bd4+ 25. Kf1 Bxa1 26.
Rxa1 Rxb3 27. Rd2 a5 28. g4 a4 29. f5 gxf5 30. gxf5 Rf3+ 31. Ke2 Rxf5 32.
Ba3 Rg5 33. Bxc5 Bc4+ {White resigns} 0-1

[Event "ICC tourney 3402 (40 10)"]
[Site "Internet Chess Club"]
[Date "2024.03.09"]
[Round "3"]
[White "CHENG, SAMUEL:Samuel1001"]
[Black "Bharathy Mohan, Aarav Sai:aaravbm"]
[Result "1-0"]
[ICCResult "Black checkmated"]
[WhiteElo "1710"]
[BlackElo "1621"]
[Opening "Nimzo-Indian: Fischer variation"]
[ECO "E43"]
[NIC "NI.12"]
[Time "15:30:52"]
[PlyCount "91"]
[TimeControl "2400+10"]

1. d4 Nf6 2. c4 e6 3. Nc3 Bb4 4. e3 b6 5. Bd3 Bb7 6. Nf3 d6 7. O-O O-O 8.
Qe2 Nbd7 9. e4 Bxc3 10. bxc3 e5 11. d5 Nc5 12. Bc2 Rc8 13. Bg5 h6 14. Bh4 c6
15. Qe3 Ba6 16. Nd2 cxd5 17. exd5 Ncd7 18. Bf5 Bxc4 19. Bxd7 Qxd7 20. Nxc4
Rxc4 21. Bxf6 gxf6 22. Qxh6 Qf5 23. Qd2 Rfc8 24. Rac1 R8c5 25. Rfe1 Re4 26.
h3 Rxe1+ 27. Rxe1 e4 28. Re3 Rxd5 29. Rg3+ Kf8 30. Qh6+ Ke7 31. Rg8 Kd7 32.
Qf8 Rd1+ 33. Kh2 Qf4+ 34. Rg3 Qxf2 35. Qxf7+ Kc6 36. Qc4+ Qc5 37. Qxe4+ Qd5
38. Qa4+ b5 39. Qa6+ Kd7 40. Qxa7+ Ke6 41. Re3+ Kf5 42. Qh7+ Kg5 43. Rg3+
Kf4 44. Qh4+ Ke5 45. Re3+ Kf5 46. Qg4# {Black checkmated} 1-0

[Event "ICC tourney 3402 (40 10)"]
[Site "Internet Chess Club"]
[Date "2024.03.09"]
[Round "3"]
[White "ZHANG, ARI:brass60Six"]
[Black "SULTAN, BASHIR Cisse:muzikmixer"]
[Result "1-0"]
[ICCResult "Black resigns"]
[WhiteElo "1522"]
[BlackElo "1685"]
[Opening "Old Indian defense"]
[ECO "A42"]
[NIC "OI.07"]
[Time "15:30:09"]
[PlyCount "103"]
[TimeControl "2400+10"]

1. d4 d6 2. c4 e5 3. dxe5 dxe5 4. Qxd8+ Kxd8 5. Nf3 f6 6. Nc3 Be6 7. e3 Nd7
8. a3 c6 9. Be2 a5 10. b3 Nb6 11. Nd2 Ne7 12. Bb2 Nec8 13. O-O Be7 14. Rac1
Kc7 15. c5 Nd7 16. b4 axb4 17. axb4 Rd8 18. Nde4 f5 19. Ng3 g6 20. Ra1 Rxa1
21. Rxa1 Bf6 22. Ba3 e4 23. Rc1 Ne5 24. b5 Rd2 25. Nf1 Rxe2 26. b6+ Kb8 27.
Nxe2 Nd3 28. Rd1 Bb3 29. Rd2 Ne7 30. Nc1 Bc4 31. Nxd3 exd3 32. Bb2 Bxb2 33.
Rxb2 Nd5 34. Nd2 Ba6 35. h3 Nc3 36. Nb3 Kc8 37. Rd2 Ne4 38. Rd1 Bc4 39. Na5
Ba6 40. Nb3 Bc4 41. Na5 Bb5 42. Nb3 Ba4 43. Rxd3 Bxb3 44. Rxb3 Nxc5 45. Rb1
Kd7 46. Kf1 Na6 47. Ke2 c5 48. Kd3 Kc6 49. Kc4 Nb4 50. g4 Nd5 51. gxf5 Nxb6+
52. Rxb6+ {Black resigns} 1-0

[Event "ICC tourney 3402 (40 10)"]
[Site "Internet Chess Club"]
[Date "2024.03.09"]
[Round "3"]
[White "Anand, Anirudh:AnirudhAnand"]
[Black "Stambelos, Carter J:Carterstambelos"]
[Result "1/2-1/2"]
[ICCResult "Game drawn by mutual agreement"]
[WhiteElo "1606"]
[BlackElo "1500"]
[Opening "Sicilian: Alapin's variation (2.c3)"]
[ECO "B22"]
[NIC "SI.46"]
[Time "15:30:05"]
[PlyCount "91"]
[TimeControl "2400+10"]

1. e4 c5 2. c3 d5 3. exd5 Qxd5 4. d4 e6 5. Nf3 Nf6 6. Be2 Be7 7. O-O O-O 8.
h3 cxd4 9. cxd4 Nc6 10. Nc3 Qd8 11. Be3 a6 12. Re1 b5 13. Qc2 h6 14. Rad1
Nd5 15. Nxd5 Qxd5 16. a3 Bb7 17. Bd3 Rac8 18. Qe2 Kh8 19. Bb1 Na5 20. Qd3 g6
21. Bxh6 Rg8 22. Qe2 Kh7 23. Bf4 Kg7 24. Be5+ Kf8 25. Rc1 Rxc1 26. Rxc1 f6
27. Bg3 g5 28. Re1 Kf7 29. b4 Nc4 30. Ba2 g4 31. hxg4 Rxg4 32. Bxc4 bxc4 33.
Rc1 Rxd4 34. Qf1 Rd3 35. Ra1 Qh5 36. Nh4 f5 37. Nf3 Rxf3 38. gxf3 Bxf3 39.
Bh2 Qg4+ 40. Bg3 Qg7 41. Re1 f4 42. Qxc4 fxg3 43. Qxe6+ Kf8 44. Qf5+ Qf6 45.
Qxf6+ Bxf6 46. fxg3 {Game drawn by mutual agreement} 1/2-1/2

[Event "ICC tourney 3402 (40 10)"]
[Site "Internet Chess Club"]
[Date "2024.03.09"]
[Round "4"]
[White "Hamlett, James Morrison:Hamlett144"]
[Black "ZHANG, ARI:brass60Six"]
[Result "0-1"]
[ICCResult "White resigns"]
[WhiteElo "1400"]
[BlackElo "1522"]
[Opening "Sicilian: closed"]
[ECO "B23"]
[NIC "SI.44"]
[Time "17:46:54"]
[PlyCount "82"]
[TimeControl "2400+10"]

1. e4 c5 2. Nc3 g6 3. f4 d6 4. Nf3 Nc6 5. Bc4 e6 6. O-O Bg7 7. d3 Nge7 8. a4
O-O 9. h4 Nd4 10. Be3 Nec6 11. Bxd4 Nxd4 12. g3 a6 13. Nxd4 Bxd4+ 14. Kh2
Bd7 15. f5 exf5 16. exf5 Bxf5 17. Rxf5 Bxc3 18. Rf3 Be5 19. c3 Qxh4+ 20. Kg2
Qg5 21. Qf1 Qe7 22. Re1 Qc7 23. Bd5 Rad8 24. Re4 Rd7 25. d4 Bg7 26. Ref4
cxd4 27. cxd4 Re7 28. Qh1 Re2+ 29. Kh3 Qd7+ 30. g4 Bh6 31. Rf6 Re7 32. Kh4
Bg7 33. R6f4 Qd8 34. g5 h6 35. Kg4 hxg5 36. Re4 Rxe4+ 37. Bxe4 f5+ 38. Bxf5
gxf5+ 39. Kh5 Qf6 40. Rxf5 Qh6+ 41. Kg4 Qxh1 {White resigns} 0-1

[Event "ICC tourney 3402 (40 10)"]
[Site "Internet Chess Club"]
[Date "2024.03.09"]
[Round "4"]
[White "PAN, ROGER:RogerPbim"]
[Black "HONG, HUNTER:hunterhong"]
[Result "0-1"]
[ICCResult "White checkmated"]
[WhiteElo "1683"]
[BlackElo "1554"]
[Opening "Scotch: Schmidt variation"]
[ECO "C45"]
[NIC "SO.04"]
[Time "17:46:40"]
[PlyCount "154"]
[TimeControl "2400+10"]

1. e4 e5 2. Nf3 Nc6 3. d4 exd4 4. Nxd4 Nf6 5. Nxc6 dxc6 6. Qxd8+ Kxd8 7. Nc3
Bd6 8. Bg5 Be6 9. O-O-O Ke7 10. Bd3 h6 11. Bh4 g5 12. Bg3 Bxg3 13. hxg3 a5
14. e5 Nd7 15. f4 Nc5 16. f5 Nxd3+ 17. Rxd3 Bxf5 18. Rf3 Be6 19. Rf6 a4 20.
Rhxh6 Rxh6 21. Rxh6 Ra5 22. a3 Rxe5 23. Nxa4 Re2 24. Rh5 Kf6 25. Rh2 Bf5 26.
c3 Rc2+ 27. Kd1 b6 28. Rh6+ Ke5 29. Rxc6 Rxg2 30. Rxc7 Bc2+ 31. Kc1 Bxa4 32.
Rxf7 Rxg3 33. Rb7 Rg1+ 34. Kd2 b5 35. Rg7 g4 36. Ke3 g3 37. Kf3 Bd1+ 38. Ke3
Kf6 39. Rg8 Rg2 40. Kf4 Rxb2 41. Kxg3 Rb3 42. Rf8+ Ke7 43. Rb8 Rxc3+ 44. Kf4
Ba4 45. Ke4 Rxa3 46. Kd4 Kd7 47. Kc5 Kc7 48. Rh8 Rc3+ 49. Kb4 Rc4+ 50. Ka5
Rd4 51. Rh7+ Rd7 52. Rh4 Kc6 53. Kb4 Rd6 54. Rg4 Bc2 55. Rg5 Rd4+ 56. Kc3
Rc4+ 57. Kb2 Bd3 58. Rg3 Bh7 59. Rh3 Be4 60. Rh6+ Kc5 61. Rh5+ Kb4 62. Rh4
Rc2+ 63. Kb1 Re2+ 64. Kc1 Kc3 65. Rh3+ Bd3 66. Kd1 Ra2 67. Ke1 Re2+ 68. Kd1
Rf2 69. Rh1 Ra2 70. Ke1 Ra1+ 71. Kf2 Rxh1 72. Ke3 b4 73. Kf3 b3 74. Kg2 Be4+
75. Kf2 b2 76. Ke3 b1=Q 77. Kf2 Qe1# {White checkmated} 0-1

[Event "ICC tourney 3402 (40 10)"]
[Site "Internet Chess Club"]
[Date "2024.03.09"]
[Round "4"]
[White "THAPER, RISHUBH:MajorKey"]
[Black "SKARIAH, ANUSHKA ELIZABETH:kskariah"]
[Result "1-0"]
[ICCResult "Black resigns"]
[WhiteElo "1516"]
[BlackElo "1700"]
[Opening "Queen's pawn: Chigorin variation"]
[ECO "D00"]
[NIC "QP.08"]
[Time "17:46:38"]
[PlyCount "77"]
[TimeControl "2400+10"]

1. d4 d5 2. Nc3 Nf6 3. Bf4 c6 4. e3 Bf5 5. f3 e6 6. g4 Bg6 7. h4 h5 8. g5
Nfd7 9. Qd2 Be7 10. Nh3 c5 11. Bh2 Nc6 12. Nf4 cxd4 13. exd4 Bf5 14. Nce2
Qb6 15. c3 Rc8 16. Ng3 Bg6 17. Nxg6 fxg6 18. Bd3 Nf8 19. Ne2 a6 20. Nf4 Kf7
21. Qc2 Nxd4 22. Bxg6+ Kg8 23. Qf2 e5 24. Nxd5 Qe6 25. Nxe7+ Qxe7 26. Be4
Nc6 27. O-O-O Ne6 28. Bd5 Kh7 29. g6+ Kxg6 30. Rhg1+ Kf7 31. Qg3 Qf6 32. Qh3
Rhe8 33. Rg5 Rcd8 34. Rf5 Qxf5 35. Qxf5+ Kg8 36. Bxe6+ Rxe6 37. Qxe6+ Kh8
38. Rxd8+ Kh7 39. Qf5+ {Black resigns} 1-0

[Event "ICC tourney 3402 (40 10)"]
[Site "Internet Chess Club"]
[Date "2024.03.09"]
[Round "4"]
[White "TRIPATHY, SIDDHARTH KESHAV:Sid907"]
[Black "SULTAN, BASHIR Cisse:muzikmixer"]
[Result "0-1"]
[ICCResult "White forfeits on time"]
[WhiteElo "1486"]
[BlackElo "1685"]
[Opening "Pirc: Ufimtsev-Pytel variation"]
[ECO "B07"]
[NIC "PU.08"]
[Time "17:46:34"]
[PlyCount "204"]
[TimeControl "2400+10"]

1. e4 d6 2. d4 Nf6 3. Nc3 c6 4. Nf3 Bg4 5. Be2 e6 6. O-O Be7 7. Bf4 O-O 8.
Qd2 Bxf3 9. Bxf3 d5 10. e5 Nfd7 11. Rad1 c5 12. dxc5 Nc6 13. Rfe1 Nxc5 14.
a3 Rc8 15. h3 a6 16. b4 Nd7 17. Na2 b5 18. Nc1 Nb6 19. Nd3 Nd4 20. c3 Nxf3+
21. gxf3 Qc7 22. Rc1 Nc4 23. Qa2 Bh4 24. Kh2 Kh8 25. Rc2 Be7 26. Qa1 Nb6 27.
Be3 Na4 28. Bd4 Qc4 29. Nb2 Nxb2 30. Qxb2 Qd3 31. Re3 Qf5 32. Kg2 Rc4 33.
Ree2 Rfc8 34. Qc1 Bg5 35. Be3 Bxe3 36. Rxe3 Rh4 37. f4 Qxf4 38. Qd2 Rh5 39.
Qe2 Rg5+ 40. Kh1 Qc4 41. Qxc4 Rxc4 42. Kh2 g6 43. Rce2 Rf5 44. Kg2 Kg7 45.
f3 Rff4 46. Kg3 g5 47. Kg2 d4 48. cxd4 Rfxd4 49. Kg3 Rd1 50. Rg2 Rdc1 51.
Rge2 Kg6 52. Rg2 Kf5 53. Rge2 h5 54. Kg2 R1c3 55. Kg3 Rxe3 56. Rxe3 f6 57.
exf6 Kxf6 58. Rd3 Ke7 59. Kf2 e5 60. Kg3 Ke6 61. Kf2 g4 62. hxg4 hxg4 63.
fxg4 Rxg4 64. Rd8 Rg6 65. Rd3 e4 66. Rd8 Ke5 67. Re8+ Re6 68. Rc8 Kd5 69.
Ke3 Ke5 70. Rc5+ Kd6 71. Rc8 Kd7 72. Rc1 Ke7 73. Rd1 Kf6 74. Rf1+ Ke5 75.
Rf4 Kd5 76. Rf1 Kc4 77. Rb1 Rd6 78. Kxe4 Rd4+ 79. Ke5 Rd3 80. Ra1 Rb3 81.
Ke4 Kc3 82. a4 Kxb4 83. axb5 axb5 84. Kd4 Rb2 85. Ra8 Kb3 86. Kc5 b4 87. Rb8
Rc2+ 88. Kd4 Ka3 89. Ra8+ Kb2 90. Rb8 b3 91. Kd3 Ka2 92. Ra8+ Kb1 93. Rh8 b2
94. Rh1+ Rc1 95. Rh8 Rd1+ 96. Ke2 Rd5 97. Rb8 Kc2 98. Rc8+ Kb3 99. Rb8+ Kc3
100. Ke1 Rd4 101. Rb7 Rb4 102. Rc7+ Kb3 {White forfeits on time} 0-1